Map: [ESL] Ghost River

Players

Elazer

  • Race: Zerg Zerg
  • Spawn Location: 1:00

Classic - Winner!

  • Race: Protoss Protoss
  • Spawn Location: 11:00

Event: ESL Spring 2024 Finals

VOD

Have the link to the VOD?

Description

Time

  • Played on: June 1, 2024, 11:12 a.m.
  • Length: 6:39

All games in this series

Show
View Real Time Build Order
Export as new Build Order

Elazer Zerg 

Build Orders: Pool First 

Get SALT Encoding   

  12  0:16  Spawning Pool  
  11  0:22  Drone  
  11  0:26  Drone  
  13  0:30  Drone  
  14  0:41  Overlord  
  14  1:03  Zergling x4  
  16  1:20  Zergling x4  
  16  1:21  Hatchery  
  17  1:27  Zergling x2  
  18  1:38  Zergling x2  
  19  1:47  Zergling x2  
  20  1:59  Zergling x2  
  22  2:09  Hatchery  
  22  2:11  Zergling x2  
  22  2:22  Hatchery  
  21  2:24  Overlord  
  22  2:48  Drone  
  22  2:49  Drone  
  22  2:50  Queen  
  26  2:53  Drone  
  27  2:58  Hatchery  
  27  3:03  Drone  
  26  3:14  Drone  
  27  3:22  Extractor  
  27  3:25  Drone  
  27  3:30  Queen  
  27  3:33  Spore Crawler  
  27  3:35  Drone x2  
  27  3:41  Queen  
  28  3:45  Drone  
  28  3:46  Drone  
  33  3:55  Drone  
  32  3:59  Drone  
  32  4:01  Extractor  
  32  4:09  Drone x2  
  33  4:14  Drone x4  
  34  4:21  Drone x2  
  36  4:25  Drone  
  36  4:28  Drone  
  38  4:34  Drone x2  
  40  4:42  Drone x2  
  42  4:45  Overlord  
  42  4:56  Overlord  
  42  5:04  Zergling x2  
  42  5:05  Zergling x2  
  42  5:06  Drone x6  
  50  5:16  Overlord  
  50  5:19  Queen x2  
  50  5:21  Drone  
  51  5:22  Drone  
  51  5:26  Overlord  
  52  5:32  Drone  
  52  5:34  Drone  
  54  5:40  Drone x3  
  57  5:42  Drone  
  57  5:46  Drone x2  
  57  5:49  Drone  
  60  5:54  Overlord  
  53  6:01  Drone x5  
  53  6:02  Drone  
  56  6:04  Drone  
  56  6:08  Drone x2  
  57  6:12  Overlord  
  57  6:14  Zergling x2  
  57  6:15  Zergling x6  
  61  6:21  Zergling x2  
  61  6:22  Spore Crawler  
Show
View Real Time Build Order
Export as new Build Order

Classic Protoss - Winner!

Build Orders:  

Get SALT Encoding   

  12  0:00  Probe  
  13  0:12  Probe  
  14  0:17  Pylon  
  14  0:24  Probe (Chrono Boost)  
  15  0:36  Probe (Chrono Boost)  
  15  0:38  Gateway  
  16  0:45  Probe (Chrono Boost)  
  16  0:49  Assimilator  
  17  0:50  Probe  
  18  1:03  Probe  
  19  1:11  Gateway  
  20  1:23  Zealot (Chrono Boost)  
  22  1:26  Pylon  
  22  1:35  Cybernetics Core  
  22  1:42  Zealot  
  23  1:51  Pylon  
  23  2:03  Probe  
  26  2:18  Shield Battery  
  26  2:21  Zealot (Chrono Boost)  
  26  2:23  Adept (Chrono Boost)  
  28  2:30  Probe  
  28  2:33  Shield Battery  
  29  2:37  Pylon  
  29  2:42  Adept  
  31  2:46  Adept  
  33  2:54  Warp Gate  
  33  3:13  Nexus  
  33  3:17  Probe  
  34  3:22  Assimilator  
  34  3:25  Adept  
  36  3:30  Probe (Chrono Boost)  
  36  3:41  Pylon  
  36  3:42  Probe (Chrono Boost)  
  36  3:47  Adept  
  38  3:49  Probe (Chrono Boost)  
  39  3:56  Probe  
  40  4:08  Probe  
  41  4:12  Adept  
  39  4:19  Stargate  
  39  4:20  Probe (Chrono Boost)  
  36  4:26  Probe (Chrono Boost)  
  36  4:33  Probe (Chrono Boost)  
  36  4:36  Probe (Chrono Boost)  
  37  4:38  Probe (Chrono Boost)  
  37  4:41  Probe (Chrono Boost)  
  37  4:44  Adept  
  41  4:47  Probe  
  41  4:49  Adept  
  41  4:52  Probe  
  45  4:59  Probe  
  46  5:03  Oracle (Chrono Boost)  
  46  5:04  Probe  
  50  5:19  Nexus, Pylon  
  50  5:22  Probe x2  
  52  5:31  Assimilator  
  52  5:32  Assimilator  
  52  5:34  Oracle (Chrono Boost), Probe x2  
  57  5:40  Twilight Council  
  57  5:45  Adept x2  
  57  5:47  Probe  
  62  5:55  Probe  
  63  5:59  Probe  
  62  6:05  Gateway  
  62  6:06  Gateway  
  62  6:07  Probe  
  62  6:09  Adept x2  
  65  6:11  Probe  
  69  6:22  Pylon  
  69  6:23  Robotics Facility  
  69  6:24  Probe x2  
Tags
 
Add a new tag
Caveats
  • Supply blocks, unpowered buildings, or Contaminate may cause inaccurate times.
  • Supply counts are checked every 10 seconds.